 Dungeon Crawl Stone Soup version 0.31-a0-1424-g2add1c7226 (webtiles) character file.

Game seed: 8974514529153952698

7624 Rennog the Grappler (level 10, -2/102 HPs)
             Began as a Troll Monk on Dec 26, 2023.
             Was a High Priest of the Shining One.
             Slain by a wyvern (15 damage)
             ... on level 10 of the Dungeon.
             The game lasted 00:08:58 (6203 turns).

Rennog the Grappler (Troll Monk)                    Turns: 6203, Time: 00:08:59

Health: -2/102     AC:  8    Str: 29    XL:     10   Next: 98%
Magic:  10/13      EV: 12    Int:  8    God:    the Shining One [*****.]
Gold:   496        SH:  8    Dex: 18    Spells: 9/9 levels left

rFire   . .          .
                       - Unarmed
rCold   . . .        (no shield)
rNeg    + + .        J - +0 steam dragon scales
rPois   .            (helmet restricted)
rElec   .            u - +0 cloak
rCorr   .            (gloves unavailable)
SInv    .            (boots unavailable)
Will    .....        (no amulet)
Stlth   +            e - +6 ring of dexterity
HPRegen 1.17/turn    H - +6 ring of strength
MPRegen 0.13/turn

%: no passive effects
@: divinely shielded, glowing
A: large, unfitting armour, claws 3, regeneration 1, shaggy fur 1, tough skin 1
a: Renounce Religion, Divine Shield, Cleansing Flame, Summon Divine Warrior


You were on level 10 of the Dungeon.
You worshipped the Shining One.
The Shining One was extremely pleased with you.
You visited 1 branch of the dungeon, and saw 10 of its levels.

You collected 640 gold pieces.
You spent 144 gold pieces at shops.

Inventory:

Armour
 a - a +0 robe
 c - an orb of light
 t - a +2 robe
 u - a +0 cloak (worn)
 J - +0 steam dragon scales (worn)
Jewellery
 e - a +6 ring of dexterity (left claw)
 h - a ring of resist corrosion
 H - a +6 ring of strength (right claw)
 M - a +6 ring of dexterity
Wands
 p - a wand of charming (21)
 y - a wand of polymorph (17)
 E - a wand of mindburst (12)
 G - a wand of flame (32)
 N - a wand of light (5)
Scrolls
 d - a scroll of enchant weapon {unknown}
 f - a scroll of blinking
 g - 2 scrolls of identify
 j - 4 scrolls of fear
 k - a scroll of vulnerability
 l - 2 scrolls of revelation {unknown}
 q - 6 scrolls of teleportation
 v - a scroll of brand weapon
 w - a scroll of noise
 x - a scroll of amnesia {unknown}
 z - a scroll of fog
 C - a scroll of summoning
 D - 2 scrolls of enchant armour
 F - 2 scrolls of poison {unknown}
Potions
 b - a potion of ambrosia
 i - 4 potions of lignification {unknown}
 m - 4 potions of haste {unknown}
 n - 2 potions of heal wounds
 o - 3 potions of curing
 r - 4 potions of enlightenment {unknown}
 s - 2 potions of mutation {unknown}
 A - a potion of degeneration {unknown}
 B - 2 potions of might {unknown}
 I - a potion of invisibility {unknown}
 K - a potion of attraction {unknown}
 L - a potion of cancellation {unknown}


   Skills:
 + Level 7.5 Fighting
 + Level 3.1 Armour
 + Level 4.1 Dodging
 * Level 12.3 Unarmed Combat
 - Level 5.8 Invocations


You had 9 spell levels left.
You didn't know any spells.
Your spell library contained the following spells:

 Spells                   Type           Power      Damage    Failure   Level
 Magic Dart               Conj           0%         1d3       41%         1
 Blink                    Tloc           0%         N/A       54%         2
 Call Imp                 Summ           0%         N/A       54%         2
 Ensorcelled Hibernation  Hex/Ice        0%         N/A       54%         2
 Lesser Beckoning         Tloc           0%         N/A       54%         2
 Passwall                 Alch/Erth      0%         N/A       54%         2
 Searing Ray              Conj           0%         2d4       54%         2
 Gell's Gravitas          Tloc           0%         N/A       78%         3
 Hailstorm                Conj/Ice       0%         3d5       78%         3
 Swiftness                Air            0%         N/A       78%         3
 Teleport Other           Tloc           0%         N/A       78%         3
 Fulminant Prism          Conj/Alch      0%         3d5       99%         4
 Summon Ice Beast         Ice/Summ       0%         N/A       99%         4
 Simulacrum               Ice/Necr       0%         N/A       100%        6


Dungeon Overview and Level Annotations

Branches:
Dungeon (10/15)            Temple (0/1) D:5
   Lair: D:8-11         Orc: D:9-12

Altars:
Okawaru
Qazlal
Sif Muna
Uskayaw
Yredelemnul
Zin
The Shining One

Shops:
D:1 *   D:2 !   D:8 ***(

Annotations:
D:8 2 runed translucent doors, mewnfare's ghost, novice OnIE
D:10 Nergalle


Innate Abilities, Weirdness & Mutations

You are too large for most types of armour.
You have claws for hands.
Your natural rate of healing is unusually fast.
You are covered in fur. (AC +1)
You have tough skin. (AC +1)


Message History

The wolf is severely wounded.
You feel sick. The wolf closely misses you.
You claw the wolf!
You kill the wolf!
You feel sick.
The wyvern bites you but does no damage.
You scratch the wyvern. Your claw misses the wyvern.
The wyvern is lightly wounded.
You feel sick.
The wyvern bites you but does no damage.
You scratch the wyvern.
The wyvern is moderately wounded.
You feel sick. The wyvern bites you.
You mangle the wyvern!!
The wyvern is almost dead.
You feel sick. The wyvern closely misses you.
You mangle the wyvern!!
You kill the wyvern!
You feel sick.
You mangle the water moccasin!!
You kill the water moccasin!
You mangle the water moccasin!!
The water moccasin is almost dead.
You feel sick. The water moccasin bites you.
You claw the water moccasin!
You kill the water moccasin!
You feel sick.
You are no longer poisoned.
You scratch the wyvern.
The wyvern is moderately wounded.
You scratch the wyvern but do no damage.
The wyvern bites you!
* * * LOW HITPOINT WARNING * * *
The wyvern bites you!
* * * LOW HITPOINT WARNING * * *
The wyvern bites you!
* * * LOW HITPOINT WARNING * * *
A divine shield forms around you! You block the wyvern's attack.
The wyvern completely misses you. The wyvern bites you!
You die...

#..##..+ . #......#
#......# #......#
#.###..# #. #..#
#.###..# #......#
#######
#.....@########.......
#.....kkS.............
#......#.......)..<...
#......#..............
#......#..............
#.....h####+#####P....
#....... .... #.......
..♣ #....... P.


You could see a water moccasin, 2 wyverns and a wolf.

Vanquished Creatures
  Maurice (D:7)
  A troll (D:7)
  Sigmund (D:3)
  2 shadows (D:9)
  A wyvern (D:10)
  18 yaks
  A steam dragon (D:7)
  Edmund (D:3)
  3 water moccasins
  A black bear (D:8)
  3 orc warriors
  An ogre (D:7)
  6 centaurs
  A wolf (D:10)
  4 kobold brigands
  2 phantoms
  3 bullfrogs
  4 scorpions
  10 wights
  2 howler monkeys
  A jelly (D:6)
  8 orc priests
  3 hounds
  Jessica (D:3)
  2 iguanas (D:6)
  7 orc wizards
  6 gnolls (D:6)
  4 adders
  3 white imps
  2 ufetubi (D:7)
  A worm (D:2)
  5 dart slugs
  28 orcs
  6 ball pythons
  An endoplasm (D:3)
  2 giant cockroaches
  7 goblins
  5 hobgoblins
  3 jackals (D:4)
  29 kobolds
  6 quokkas
  4 bats
  A frilled lizard (D:1)
  5 rats
206 creatures vanquished.

Notes
Turn   | Place    | Note
-------+----------+-------------------------------------------
     0 | D:1      | Rennog the Troll Monk began the quest for the Orb.
     0 | D:1      | Reached XP level 1. HP: 22/22 MP: 0/0
    78 | D:1      | Found Vucikhapn's Assorted Antiques.
   153 | D:1      | Reached XP level 2. HP: 29/29 MP: 1/1
   231 | D:1      | Found a faded altar of an unknown god.
   287 | D:1      | Prayed at the altar of an unknown god.
   287 | D:1      | Became a worshipper of the Shining One
   287 | D:1      | Reached * piety under the Shining One
   287 | D:1      | Reached ** piety under the Shining One
   713 | D:2      | Reached *** piety under the Shining One
   766 | D:2      | Reached XP level 3. HP: 36/36 MP: 2/2
   771 | D:2      | Reached skill level 4 in Unarmed Combat
   834 | D:2      | Found Ohaosyer's Distillery.
   842 | D:2      | Bought a potion of heal wounds for 60 gold pieces
   842 | D:2      | Bought a potion of curing for 36 gold pieces
  1195 | D:3      | Noticed Sigmund
  1219 | D:3      | Killed Sigmund
  1220 | D:3      | Reached skill level 5 in Unarmed Combat
  1220 | D:3      | Reached XP level 4. HP: 42/46 MP: 3/3
  1220 | D:3      | Reached XP level 5. HP: 48/53 MP: 4/4
  1354 | D:3      | Noticed Jessica
  1358 | D:3      | Killed Jessica
  1755 | D:4      | Reached XP level 6. HP: 62/62 MP: 5/5
  1761 | D:4      | Reached skill level 6 in Unarmed Combat
  1825 | D:4      | Noticed Edmund
  1852 | D:3      | Killed Edmund
  1853 | D:3      | Reached skill level 1 in Invocations
  1881 | D:3      | Reached XP level 7. HP: 69/70 MP: 7/7
  2394 | D:5      | Entered Level 5 of the Dungeon
  2545 | D:5      | Reached skill level 7 in Unarmed Combat
  2601 | D:5      | Found a staircase to the Ecumenical Temple.
  3039 | D:6      | Reached **** piety under the Shining One
  3064 | D:6      | Reached XP level 8. HP: 72/79 MP: 9/9
  3122 | D:6      | Reached skill level 8 in Unarmed Combat
  3157 | D:6      | Reached skill level 5 in Fighting
  3435 | D:6      | Found a stormy altar of Qazlal.
  3528 | D:7      | Noticed a +0 hand axe
  3528 | D:7      | Noticed a +0 dagger
  3530 | D:7      | Found a hide-covered altar of Uskayaw.
  3973 | D:7      | Noticed Maurice
  3978 | D:7      | Maurice stole an orb of light
  3980 | D:7      | Maurice stole a +6 ring of strength
  3981 | D:7      | Maurice stole 307 gold
  3983 | D:7      | Killed Maurice
  3984 | D:7      | Reached skill level 9 in Unarmed Combat
  3984 | D:7      | Reached XP level 9. HP: 53/89 MP: 6/11
  4059 | D:7      | Noticed a troll
  4090 | D:7      | Reached skill level 10 in Unarmed Combat
  4090 | D:7      | Reached skill level 5 in Invocations
  4095 | D:7      | Killed a troll
  4477 | D:8      | Found Logihop's General Store.
  4477 | D:8      | Found Icomopp's General Store.
  4477 | D:8      | Found Tarigudgh's Weapon Emporium.
  4479 | D:8      | Bought a scroll of teleportation for 48 gold pieces
  4598 | D:8      | Reached ***** piety under the Shining One
  4599 | D:8      | Found a large runed translucent door.
  4605 | D:8      | Reached XP level 10. HP: 95/100 MP: 13/13
  4607 | D:8      | Reached skill level 11 in Unarmed Combat
  4607 | D:8      | Found a large runed translucent door.
  4614 | D:8      | Noticed mewnfare's ghost (novice OnIE)
  4700 | D:8      | Reached skill level 1 in Armour
  4787 | D:8      | Found Lyx Miff's General Store.
  5084 | D:8      | Identified the +10 quarterstaff "Asefinge" {spect, ^Fragile
                  | rN+ Str+5}
  5501 | D:9      | Found a shimmering blue altar of Sif Muna.
  5502 | D:9      | Found an iron altar of Okawaru.
  5508 | D:9      | Found a basalt altar of Yredelemnul.
  5508 | D:9      | Found a glowing silver altar of Zin.
  5750 | D:9      | Reached skill level 12 in Unarmed Combat
  6017 | D:10     | Entered Level 10 of the Dungeon
  6044 | D:10     | Noticed Nergalle
  6203 | D:10     | Slain by a wyvern

Illustrated notes

Levels and vault maps discovered:
D:1:      dpeg_arrival_rooms_with_view, layout_basic, serial_shops, shop,
          hellmonk_ecumenical_altar_run_dry, corexii_leaking_fountain,
          minmay_misc_feat_iff
D:2:      layout_rooms, serial_shops, shop
D:3:      layout_basic, uniq_jessica, uniq_sigmund
D:4:      layout_loops_ring, uniq_edmund
D:5:      layout_loops_ring, minmay_temple_entry_grid
D:6:      layout_cave_pools, mainiacjoe_overflow_catwalk
D:7:      layout_gridville, dancing_weapons_uskayaw,
          chequers_serial_rivers_marsh, st_stairs_8, grunt_potential,
          uniq_maurice
D:8:      layout_basic, serial_shops, nicolae_shop_window_shopping,
          ebering_ghost_disaster_area, nicolae_shop_distant_corner_stores,
          kennysheep_donut, minmay_misc_feat_ornament
D:9:      layout_stronghold, mainiacjoe_overflow_alcove_3, nrook_mini_vaults
D:10:     layout_stronghold, minmay_lair_entry_grove, nicolae_barding_shop,
          uniq_nergalle

Skill      XL: |  1  2  3  4  5  6  7  8  9 10 |
---------------+-------------------------------+-----
Unarmed Combat | 5 6 7 9 10 12 | 12.3
Fighting       | 3 4 5 6 7 |  7.5
Invocations    | 1 3 4 5 |  5.8
Armour         | 3 |  3.1
Dodging        | 4 |  4.1

Action                     |  1- 3 |  4- 6 |  7- 9 | 10-12 || total
---------------------------+-------+-------+-------+-------++-------
  Melee: Unarmed           |    76 |    46 |   210 |   132 ||   464
         Punch             |       |     4 |    16 |    11 ||    31
 Invoke: Divine Shield     |       |       |       |     1 ||     1
    Use: Scroll            |       |       |     8 |       ||     8
         Potion            |       |       |     1 |       ||     1
 Armour: Robe              |    33 |    22 |   129 |       ||   184
         Steam dragon scal |       |       |     3 |   122 ||   125
  Dodge: Dodged            |    38 |    23 |    93 |    65 ||   219
  Block: Other             |       |       |       |     1 ||     1

Table legend: (Time is in decaauts)
 A = Elapsed time spent in this place.
 B = Non-inter-level travel time spent in this place.
 C = Inter-level travel time spent in this place.
 D = Time resting spent in this place.
 E = Time spent auto-exploring this place.
 F = Levels seen in this place.
 G = Mean time per level.
                   A        B        C        D        E       F      G
               +--------+--------+--------+--------+--------+-----+--------+
         Total |   6123 |   5874 |    249 |     63 |   4690 |  10 |  612.3 |
       Dungeon |   6123 |   5874 |    249 |     63 |   4690 |  10 |  612.3 |
               +--------+--------+--------+--------+--------+-----+--------+

Top non-repeatable levels by time:
     D:7: 893 daAuts
     D:8: 872 daAuts
     D:1: 710 daAuts
     D:9: 663 daAuts
     D:3: 617 daAuts
     D:4: 614 daAuts
     D:5: 596 daAuts
     D:6: 571 daAuts
     D:2: 438 daAuts
    D:10: 145 daAuts
